 Dungeon Crawl Stone Soup version 0.27-a0-760-gc38aae387d (webtiles) character file.

Game seed: 837517423463598270

9639 kae the Cleaver (level 11, -14/97 HPs)
             Began as a Hill Orc Fighter on Mar 25, 2021.
             Was a Priest of Qazlal.
             Demolished by a polar bear (16 damage)
             ... in an ice cave.
             The game lasted 00:08:35 (11231 turns).

kae the Cleaver (Hill Orc Fighter)                 Turns: 11231, Time: 00:08:35

Health: -14/97     AC: 23    Str: 23    XL:     11   Next: 49%
Magic:  0/17       EV:  7    Int: 13    God:    Qazlal [***...]
Gold:   497        SH: 13    Dex: 10    Spells: 10/10 levels left

rFire    . . .     SeeInvis .   a - +0 war axe (protect)
rCold    . . .     Faith    .   c - +0 kite shield
rNeg     . . .     Spirit   +   n - +3 chain mail {Will+}
rPois    +         Reflect  .   b - +2 hat
rElec    +         Harm     .   (no cloak)
rCorr    .         Rampage  .   (no gloves)
Will     ++...     Rnd*Rage +   (no boots)
Stlth    ..........             y - amulet "Samakhlant" {Spirit Int+5}
HPRegen  0.26/turn              f - ring of willpower
MPRegen  0.15/turn              x - ring of poison resistance

@: protection aura
A: berserk 1, electricity resistance
a: Renounce Religion, Upheaval, Elemental Force


You were in an ice cave.
You worshipped Qazlal.
Qazlal was most pleased with you.
You visited 2 branches of the dungeon, and saw 11 of its levels.
You also visited: Ossuary, Bailey and Ice Cave.

You collected 497 gold pieces.

Inventory:

Hand Weapons
 a - a +0 war axe of protection (weapon)
Armour
 b - a +2 hat (worn)
 c - a +0 kite shield (worn)
 n - a +3 chain mail of willpower (worn)
Jewellery
 f - a ring of willpower (right hand)
 o - a +6 ring of dexterity
 q - an amulet of reflection
 x - a ring of poison resistance (left hand)
 y - the amulet "Samakhlant" (around neck) {Spirit Int+5}
   (You acquired it in a bailey)

   [amulet of guardian spirit]

   It causes incoming damage to be split between your health and magic.
   It affects your intelligence (+5).
 z - a ring of ice
 B - a +6 ring of dexterity
Wands
 e - a wand of iceblast (12)
 E - a wand of flame (10)
 G - a wand of random effects (19)
Scrolls
 i - 2 scrolls of amnesia
 j - a scroll of fog
 m - a scroll of summoning
 t - 5 scrolls of teleportation
 u - a scroll of identify
 A - a scroll of fear {unknown}
Potions
 d - 3 potions of might
 g - 7 potions of flight
 h - 7 potions of curing
 k - 2 potions of degeneration
 l - 5 potions of mutation
 p - 3 potions of invisibility
 r - 2 potions of magic
 s - a potion of berserk rage
 w - a potion of brilliance
 F - a potion of cancellation


   Skills:
 + Level 9.6 Fighting
 * Level 13.3 Axes
 + Level 8.8 Armour
 + Level 6.0 Dodging
 - Level 3.2 Shields
 * Level 8.4 Invocations


You had 10 spell levels left.
You didn't know any spells.
Your spell library contained the following spells:

 Spells                   Type           Power      Damage    Failure   Level
 Corona                   Hex            0%         N/A       100%        1
 Ensorcelled Hibernation  Hex/Ice        0%         N/A       100%        2
 Confusing Touch          Hex            0%         N/A       100%        3
 Dazzling Flash           Conj/Hex       0%         N/A       100%        3
 Tukima's Dance           Hex            0%         N/A       100%        3


Dungeon Overview and Level Annotations

Branches:
Dungeon (12/15)            Temple (1/1) D:5         Ossuary (visited)
 Bailey (visited)           IceCv (1/1)
   Lair: D:8-11         Orc: D:9-12

Altars:
Ashenzari
Cheibriados
Dithmenos
Elyvilon
Fedhas
Gozag
Hepliaklqana
Kikubaaqudgha
Makhleb
Nemelex Xobeh
Okawaru
Qazlal
Ru
Sif Muna
Trog
Uskayaw
Vehumet
Wu Jian
Xom
Yredelemnul
Zin
The Shining One

Shops:
D:4 (


Innate Abilities, Weirdness & Mutations

You tend to lose your temper in combat.
You are resistant to electric shocks. (rElec)


Message History

The polar bear is engulfed in freezing vapours.
The polar bear bites you but does no damage.
The polar bear claws you but does no damage. x2
You closely miss the polar bear.
The polar bear is almost dead.
You hit the polar bear but do no damage.
You slash the polar bear! You block the polar bear's attack. x2
The polar bear closely misses you. x2
The polar bear claws you but does no damage.
You block the polar bear's attack. x2
The polar bear claws you but does no damage. x2
The polar bear is engulfed in freezing vapours.
The polar bear goes berserk!
You slash the polar bear!
The polar bear is almost dead.
You barely miss the polar bear. You slash the polar bear!
You kill the polar bear!
Qazlal accepts your kill.
The polar bear is engulfed in freezing vapours.
The polar bear barely misses you. You block the polar bear's attack.
The polar bear claws you but does no damage.
The polar bear bites you but does no damage.
The polar bear claws you but does no damage. x2
You hit the polar bear.
The polar bear is severely wounded.
You hit the polar bear but do no damage.
The polar bear is engulfed in freezing vapours.
The polar bear bites you!
* * * LOW HITPOINT WARNING * * *
The polar bear claws you but does no damage. x2
The polar bear is engulfed in freezing vapours.
You kill the polar bear!
Qazlal accepts your kill.
The polar bear is engulfed in freezing vapours.
You block the polar bear's attack.
The polar bear claws you but does no damage. x2
You barely miss the polar bear.
The polar bear is almost dead.
You hit the polar bear. The polar bear bites you!
You die...

.....
.... ...
..# ##..
##..
#.†##
#.○h##
##h@.##
##°§.#
##...#
#...##
##...##
##..÷..##
#...∩...#
#.......#
##..∩..##


You could see 2 polar bears.

Vanquished Creatures
  A two-headed ogre (D:9)
  The ghost of ThereIsNoGod the Martial Artist, a novice OpFi of Okawaru (D:6)
  An orc knight (Bailey)
  Maggie (D:6)
  2 polar bears (IceCv)
  2 hornets (D:8)
  Prince Ribbit (D:7)
  Sigmund (D:2)
  6 yaks
  2 wraiths
  2 steam dragons
  Edmund (D:4)
  5 vampire mosquitoes (D:12)
  A water moccasin (D:6)
  3 sky beasts
  2 orc warriors
  A black bear (D:6)
  A hornet zombie (D:8)
  2 ice beasts
  A necrophage (D:7)
  3 ogres
  7 wolves (IceCv)
  7 centaurs
  2 phantoms
  A bullfrog (D:7)
  2 kobold brigands
  A gnoll sergeant (D:8)
  4 scorpions
  3 wights (D:7)
  A howler monkey (D:9)
  A bullfrog zombie (D:5)
  2 centaur zombies (D:5)
  A gnoll shaman (D:9)
  3 jellies
  5 orc priests
  A bullfrog skeleton (D:6)
  2 centaur skeletons
  3 iguanas
  Terence (D:1)
  Jessica (D:2)
  A worker ant (D:7)
  2 killer bee zombies
  A hound skeleton (D:5)
  2 howler monkey zombies (D:6)
  A mummy (Ossuary)
  20 gnolls
  6 adders
  13 white imps
  An ufetubus (D:4)
  An adder skeleton (D:4)
  2 dart slugs
  A worm (D:2)
  13 orcs
  7 endoplasms
  5 giant cockroaches
  6 goblins
  17 hobgoblins
  6 jackals
  24 kobolds
  4 quokkas
  3 ball pythons (D:1)
  4 bats
  2 frilled lizards
  9 gnoll skeletons (Ossuary)
  6 kobold skeletons (Ossuary)
  10 orc skeletons (Ossuary)
  5 rats
260 creatures vanquished.

Vanquished Creatures (collateral kills)
  A yak (D:5)
  A worker ant (D:5)
2 creatures vanquished.

Vanquished Creatures (others)
  A necrophage (D:5)
  An ogre (D:5)
2 creatures vanquished.

Grand Total: 264 creatures vanquished

Notes
Turn   | Place    | Note
-------+----------+-------------------------------------------
     0 | D:1      | kae the Hill Orc Fighter began the quest for the Orb.
     0 | D:1      | Reached XP level 1. HP: 19/19 MP: 1/1
    55 | D:1      | Reached skill level 3 in Axes
   320 | D:1      | Reached XP level 2. HP: 23/27 MP: 2/2
   793 | D:2      | Noticed Terence
   802 | D:2      | Reached XP level 3. HP: 13/33 MP: 3/3
   811 | D:1      | Killed Terence
   812 | D:1      | Reached skill level 1 in Dodging
  1239 | D:2      | Reached skill level 4 in Axes
  1388 | D:2      | Reached XP level 4. HP: 36/40 MP: 4/4
  1665 | D:2      | Noticed Jessica
  1671 | D:2      | Killed Jessica
  1854 | D:2      | Noticed Sigmund
  1865 | D:2      | Killed Sigmund
  1866 | D:2      | Reached skill level 5 in Axes
  1866 | D:2      | Reached XP level 5. HP: 18/47 MP: 5/5
  1866 | D:2      | Reached XP level 6. HP: 21/55 MP: 6/6
  3081 | D:3      | Found a sparkling altar of Nemelex Xobeh.
  3352 | D:4      | Reached skill level 5 in Fighting
  3352 | D:4      | Reached skill level 6 in Axes
  3376 | D:4      | Reached XP level 7. HP: 17/61 MP: 7/7
  3638 | D:4      | Found Cutisioj's Weapon Shop.
  3714 | D:4      | Noticed Edmund
  3728 | D:4      | Killed Edmund
  3729 | D:4      | Reached skill level 7 in Axes
  3729 | D:4      | Reached skill level 5 in Armour
  4074 | D:4      | Found an opulent altar of Gozag.
  4086 | D:4      | Found a snail-covered altar of Cheibriados.
  4281 | D:5      | Entered Level 5 of the Dungeon
  4399 | D:5      | Reached XP level 8. HP: 37/70 MP: 8/8
  4407 | D:5      | Reached skill level 8 in Axes
  4547 | D:5      | Gained mutation: You tend to lose your temper in combat.
                  | [potion of mutation]
  4547 | D:5      | Gained mutation: You are resistant to electric shocks.
                  | (rElec) [potion of mutation]
  4654 | D:5      | Found a sand-covered staircase.
  4658 | Ossuary  | Entered an ossuary
  4658 | Ossuary  | Noticed a wraith
  4658 | Ossuary  | Noticed a wraith
  4658 | Ossuary  | Noticed a wraith
  4847 | Ossuary  | Noticed a wraith
  4858 | Ossuary  | Killed a wraith
  4859 | Ossuary  | Reached skill level 9 in Axes
  5005 | D:5      | Noticed a yak
  5006 | D:5      | Noticed a yak
  5007 | D:5      | Noticed a yak
  5009 | D:5      | Noticed a yak
  5012 | D:5      | Noticed a yak
  5012 | D:5      | Killed a yak
  5013 | D:5      | Noticed a yak
  5022 | D:5      | Killed a yak
  5023 | D:5      | Reached XP level 9. HP: 48/79 MP: 9/9
  5035 | D:5      | You fall into a shaft and drop 3 floors!
  5379 | D:7      | Noticed Prince Ribbit
  5398 | D:6      | Reached skill level 10 in Axes
  5961 | D:5      | Found a staircase to the Ecumenical Temple.
  6292 | Temple   | Entered the Ecumenical Temple
  6467 | Temple   | Became a worshipper of Qazlal Stormbringer
  6495 | D:6      | Reached skill level 11 in Axes
  6509 | D:6      | Reached skill level 1 in Invocations
  6785 | D:6      | Found a basalt altar of Yredelemnul.
  6941 | D:6      | Found a runed translucent gate.
  6941 | D:6      | Found a runed translucent gate.
  6941 | D:6      | Found a runed translucent gate.
  6942 | D:6      | Noticed ThereIsNoGod's ghost (novice OpFi)
  6972 | D:6      | Noticed Maggie
  7000 | D:6      | Killed Maggie
  7001 | D:6      | Reached XP level 10. HP: 23/88 MP: 10/12
  7390 | D:6      | Killed ThereIsNoGod's ghost
  7391 | D:6      | Reached skill level 5 in Dodging
  7457 | D:7      | Killed Prince Ribbit
  7716 | D:7      | Reached skill level 12 in Axes
  7716 | D:7      | Reached skill level 5 in Invocations
  8000 | D:8      | Paralysed by a hornet for 2 turns
  8006 | D:8      | Reached * piety under Qazlal
  8295 | D:8      | HP: 3/90 [gnoll sergeant/+6 trident of protection (12)]
  9037 | D:8      | Found a blossoming altar of Fedhas.
  9147 | D:8      | Found a radiant altar of Vehumet.
  9176 | D:8      | Found a blossoming altar of Fedhas.
  9176 | D:8      | Found a basalt altar of Yredelemnul.
  9525 | D:9      | Found a broken altar of Ashenzari.
  9603 | D:9      | Found a flagged portal.
  9738 | Bailey   | Entered a bailey
  9932 | Bailey   | Noticed an orc knight
  9962 | Bailey   | Killed an orc knight
  9963 | Bailey   | Reached XP level 11. HP: 8/97 MP: 16/16
  9963 | Bailey   | Reached ** piety under Qazlal
 10307 | Bailey   | Identified a scroll of acquirement
 10307 | Bailey   | Acquired the amulet "Samakhlant" {Spirit Int+5}
 10492 | D:9      | Noticed a two-headed ogre
 10510 | D:9      | Killed a two-headed ogre
 10749 | D:9      | Reached skill level 13 in Axes
 10792 | D:9      | You fall into a shaft and drop 3 floors!
 10888 | D:12     | Found a frozen archway.
 10891 | D:12     | Reached *** piety under Qazlal
 10933 | IceCv    | Entered an ice cave
 11230 | IceCv    | HP: 2/97 [polar bear (13)]
 11231 | IceCv    | Demolished by a polar bear

Illustrated notes

Levels and vault maps discovered:
D:1:      minmay_arrival_radiant_lines, layout_basic, minmay_cut_off
D:2:      layout_basic, uniq_sigmund, uniq_jessica, uniq_terence
D:3:      layout_basic, lemuel_coloured_pillars_altar,
          hangedman_abyss_or_decor_lesser_grid
D:4:      layout_loops_ring, grunt_temple_overflow_open, serial_shops, shop,
          uniq_edmund
D:5:      layout_rooms, minmay_temple_entry_arrows, nicolae_ossuary_entry_plus,
          minmay_fractal_squares_diagonal_5
D:6:      layout_cave_pools, ebering_ghost_rock_garden, basic_altar,
          kennysheep_flooded_box, minmay_tree_intersection, uniq_maggie
D:7:      layout_rooms, kennysheep_minor_cross, uniq_prince_ribbit1
D:8:      layout_rooms, vehumet_altar_wand_db, gammafunk_temple_overflow_wave,
          fedhas_bush_and_centaur_altar
D:9:      layout_stronghold, enter_bailey_2, evilmike_ruin_ashenzari
D:12:     minmay_statue_hallways, layout_basic, portal_ice_cave_entry_imps,
          nicolae_trove_entry_free_sample, serial_shops, shop_statue
Temple:   nicolae_temple_elliptical
IceCv:    ice_cave_small_giant

Skill      XL: |  1  2  3  4  5  6  7  8  9 10 11 |
---------------+----------------------------------+-----
Axes           | 3 4 5 6 7 9 11 12 13 | 13.3
Fighting       | 4 5 7 8 9 |  9.6
Dodging        | 1 2 3 4 5 6 |  6.0
Armour         | 4 5 6 7 8 |  8.8
Invocations    | 3 7 8 |  8.4
Shields        | |  3.2

Action                   |  1- 3 |  4- 6 |  7- 9 | 10-12 || total
-------------------------+-------+-------+-------+-------++-------
Melee: War axe           |    68 |   115 |   343 |   457 ||   983
Evoke: Wand              |       |       |       |     1 ||     1
  Use: Scroll            |       |     6 |     7 |    10 ||    23
       Potion            |       |       |     5 |     6 ||    11
 Stab: Invisible         |       |       |     2 |       ||     2
       Distracted        |       |       |     1 |       ||     1
Armor: Scale mail        |    20 |       |       |       ||    20
       Chain mail        |    14 |    63 |   236 |   340 ||   653
Dodge: Dodged            |    21 |    21 |    79 |   154 ||   275
Block: Kite shield       |    35 |    71 |   255 |   487 ||   848
       Reflection        |       |       |     4 |    22 ||    26

Table legend: (Time is in decaauts)
 A = Elapsed time spent in this place.
 B = Non-inter-level travel time spent in this place.
 C = Inter-level travel time spent in this place.
 D = Time resting spent in this place.
 E = Time spent auto-exploring this place.
 F = Levels seen in this place.
 G = Mean time per level.
                   A        B        C        D        E       F      G
               +--------+--------+--------+--------+--------+-----+--------+
         Total |  11530 |  11305 |    225 |   1785 |   7389 |  14 |  823.6 |
       Dungeon |  10008 |   9809 |    199 |   1529 |   6524 |  10 | 1000.8 |
        Temple |    190 |    164 |     26 |      0 |    162 |   1 |  190.0 |
       Ossuary |    333 |    333 |      0 |    145 |     87 |   1 |  333.0 |
        Bailey |    697 |    697 |      0 |    111 |    376 |   1 |  697.0 |
      Ice Cave |    300 |    300 |      0 |      0 |    240 |   1 |  300.0 |
               +--------+--------+--------+--------+--------+-----+--------+

Top non-repeatable levels by time:
     D:8: 1427 daAuts
     D:2: 1379 daAuts
     D:6: 1355 daAuts
     D:1: 1083 daAuts
     D:4: 1024 daAuts
     D:5: 1010 daAuts
     D:7: 953 daAuts
     D:3: 906 daAuts
     D:9: 717 daAuts
  Bailey: 697 daAuts
 Ossuary: 333 daAuts
   IceCv: 300 daAuts
  Temple: 190 daAuts
    D:12: 150 daAuts
